 Dungeon Crawl Stone Soup version 0.27.1-2-g3b301248ec (webtiles) character file.

Game seed: 12465291200408870955

85638 Borgoz the Warrior (level 15, -6/141 HPs)
             Began as a Minotaur Berserker on Sept 27, 2021.
             Was a High Priest of Trog.
             Mangled by an ettin (31 damage)
             ... on level 2 of the Orcish Mines.
             The game lasted 00:39:37 (24857 turns).

Borgoz the Warrior (Minotaur Berserker)            Turns: 24857, Time: 00:39:37

Health: -6/141     AC: 23    Str: 23    XL:     15   Next: 38%
Magic:  14/14      EV: 13    Int: 13    God:    Trog [*****.]
Gold:   875        SH:  7    Dex: 11    Spells: 14/14 levels left

rFire    + + +     SeeInvis .   a - +5 double sword (elec)
rCold    + . .     Faith    .   P - +1 buckler {rC+}
rNeg     . . .     Spirit   .   l - +2 chain mail {rF+}
rPois    +         Reflect  .   (helmet restricted)
rElec    +         Harm     .   x - +1 cloak "Zixypn" {rF+ Int+2}
rCorr    +         Rampage  .   J - +0 pair of gloves of the Camelopard {rPois Regen+ Int+4 Dex-2}
Will     +....                  s - +2 pair of boots {Stlth+}
Stlth    ..........             R - amulet of the acrobat
HPRegen  1.33/turn              t - ring "Xeilu" {rElec rPois rF+ rCorr Dex-5}
MPRegen  0.14/turn              p - +6 ring of dexterity

@: on berserk cooldown, very slightly contaminated, hasted and slowed
A: horns 2, retaliatory headbutt
a: Renounce Religion, Berserk, Trog's Hand, Brothers in Arms


You were on level 2 of the Orcish Mines.
You worshipped Trog.
Trog was extremely pleased with you.
You visited 3 branches of the dungeon, and saw 21 of its levels.
You also visited: Bailey, Gauntlet and Ice Cave.

You collected 1758 gold pieces.
You spent 883 gold pieces at shops.

Inventory:

Hand Weapons
 a - a +5 double sword of electrocution (weapon)
 b - a +5 scimitar of flaming
 c - the +8 whip "Snakebite" {venom, curare, rPois}
   (You found it on level 2 of the Lair of Beasts)

   It poisons the flesh of those it strikes.
   It occasionally inflicts asphyxiating poison on those it strikes, dealing
   poison damage and causing slowness.
   rPois:     It protects you from poison.
Missiles
 H - a throwing net (quivered)
Armour
 l - a +2 chain mail of fire resistance (worn)
 s - a +2 pair of boots of stealth (worn)
 v - a +1 cloak of poison resistance
 x - the +1 cloak "Zixypn" (worn) {rF+ Int+2}
   (You found it in a Gauntlet)

   Int:       It affects your intelligence (+2).
   rF:        It protects you from fire.
 J - the +0 pair of gloves of the Camelopard (worn) {rPois Regen+ Int+4 Dex-2}
   (You found it in a Gauntlet)

   Int:       It affects your intelligence (+4).
   Dex:       It affects your dexterity (-2).
   rPois:     It protects you from poison.
   Regen:     It increases your rate of health regeneration.
 K - a +1 scale mail of cold resistance
 O - a +0 tower shield of cold resistance
 P - a +1 buckler of cold resistance (worn)
Jewellery
 e - a +6 ring of intelligence
 f - the ring "Cired" {rN+ Str+2}
   (You found it in an ice cave)

   [ring of positive energy]

   Str:       It affects your strength (+2).
   rN:        It protects you from negative energy.
 g - a ring of willpower
 i - a ring of flight
 p - a +6 ring of dexterity (right hand)
 t - the ring "Xeilu" (left hand) {rElec rPois rF+ rCorr Dex-5}
   (You acquired it in a bailey)

   [ring of poison resistance]

   Dex:       It affects your dexterity (-5).
   rF:        It protects you from fire.
   rElec:     It insulates you from electricity.
   rPois:     It protects you from poison.
   rCorr:     It protects you from acid and corrosion.
 y - a ring of see invisible
 R - an amulet of the acrobat (around neck)
Wands
 j - a wand of paralysis (18)
 B - a wand of mindburst (24)
 E - a wand of flame (10)
 I - a wand of acid (24)
 L - a wand of digging (5)
 N - a wand of iceblast (30)
Scrolls
 q - a scroll of magic mapping
 u - 8 scrolls of teleportation
 F - 2 scrolls of blinking
 S - a scroll of fog
Potions
 d - a potion of haste
 h - 2 potions of mutation {unknown}
 k - 3 potions of flight
 m - 5 potions of brilliance {unknown}
 n - 5 potions of degeneration {unknown}
 o - 8 potions of curing
 r - 2 potions of might
 w - 3 potions of berserk rage
 A - a potion of cancellation
 C - a potion of resistance
 D - 3 potions of heal wounds {unknown}
 G - a potion of lignification


   Skills:
 * Level 15.5 Fighting
 * Level 15.4 Long Blades
 * Level 15.3 Armour
 * Level 14.2 Dodging
 - Level 8.6 Shields
 - Level 5.0 Evocations


You had 14 spell levels left.
You didn't know any spells.
Your spell library was empty.

Dungeon Overview and Level Annotations

Branches:
Dungeon (13/15)            Temple (0/1) D:6            Lair (6/6) D:9
  Swamp (0/4) Lair:4        Snake (0/4) Lair:2        Slime (0/5) Lair:5
    Orc (1/2) D:12         Bailey (visited)           IceCv (visited)
Gauntlet (visited)
 Vaults: D:13-14

Altars:
Elyvilon
Gozag
Kikubaaqudgha
Qazlal
Ru
Sif Muna
Wu Jian
Xom
Yredelemnul
Jiyva

Shops:
D:6 *   D:7 ?   Orc:2 :

Portals:
Trove: D:12 (show abyssal rune of Zot)


Innate Abilities, Weirdness & Mutations

You have a pair of horns on your head.
You reflexively headbutt those who attack you in melee.


Message History

You closely miss the orc warrior.
The orc warrior is almost dead.
The orc knight shouts!
A nearby fungus withers and dies.
The orc warrior hits you but does no damage.
The orc knight shouts!
The orc warrior no longer looks unusually strong.
The orc no longer looks unusually strong.
You block the orc's attack. The orc warrior misses you.
You riposte.
You barely miss the orc warrior. Your headbutt misses the orc warrior.
The orc warrior hits you with a +0 scimitar!
You block the orc warrior's attack.
Items here: $ )) [[ ††.
You hit the orc.
The orc is severely wounded.
You flicker back into view.
The orc knight shouts!
The orc warrior hits you but does no damage.
The orc closely misses you. You furiously retaliate!
You headbutt the orc.
You kill the orc!
Trog accepts your kill.
The orc warrior hits you with a +0 scimitar!!
* * * LOW HITPOINT WARNING * * *
The orc warrior hits you but does no damage.
A nearby fungus withers and dies.
The orc no longer looks unusually strong.
The orc hits the fungus with a +0 trident.
The fungus begins to die.
Okay, then.
Okay, then.
Okay, then.
The orc hits the fungus with a +0 trident.
As you read the scroll of summoning, it crumbles to dust.
Wisps of shadow whirl around you...
The orc warrior no longer looks unusually strong. x2
The orc closely misses your orc. The orc warrior misses your orc.
The orc warrior barely misses your orc. You block the orc warrior's attack.
You block the ettin's attack.
The ettin hits you with a +0 dire flail!!
You die...

.......))......##
......#))#......##
..#...)).........#
......).)#....#.#
......#...)....##
.........Co.)...###
..##.....ooOo.....#
#
#......oooo8PO..##
#....$$.oooC@.....#
.#..#...oP........#
....#...Po.∩.....#
...##.P.P...o....#
.# ##..P........#
..o.........##
......P.....#
.............


You could see an orc knight, an ettin, a two-headed ogre, a cyclops, 6 orc
warriors, 4 orcs, a friendly orc warrior (summoned), a friendly ogre (summoned),
a friendly orc priest (summoned) and 2 friendly orcs.

Vanquished Creatures
  A minotaur (Gauntlet)
  An ettin (Orc:2)
  3 boulder beetles
  A hell beast (Gauntlet)
  6 hydras
  Harold (D:8)
  4 catoblepae
  A centaur warrior (D:13)
  A death knight (D:9)
  2 two-headed ogres
  7 death yaks
  A tengu warrior (Gauntlet)
  3 orc knights
  A deep elf pyromancer (D:12)
  2 necromancers
  6 ugly things
  2 cyclopes
  2 manticores (Lair:6)
  16 elephants
  A guardian serpent (shapeshifter) (D:13)
  7 black mambas
  An ice statue (IceCv)
  2 gargoyles
  16 cane toads
  7 komodo dragons
  2 kobold demonologists (Bailey)
  An unseen horror (D:11)
  2 rime drakes (Lair:6)
  Maggie (D:6)
  4 freezing wraiths (IceCv)
  An entropy weaver simulacrum (IceCv)
  A tengu conjurer (Gauntlet)
  A guardian mummy (D:12)
  8 ice devils (IceCv)
  An anaconda simulacrum (IceCv)
  3 trolls
  2 polar bears
  3 tyrant leeches (Lair:4)
  5 dream sheep (Lair:6)
  17 blink frogs
  2 shadows (D:10)
  2 dire elephant simulacra (IceCv)
  2 wraiths
  98 yaks
  9 wyverns
  4 basilisks
  14 vampire mosquitoes
  5 death yak simulacra (IceCv)
  A steam dragon (Lair:3)
  2 harpy simulacra (IceCv)
  2 swamp worms (Lair:4)
  An acid dragon (D:12)
  30 water moccasins
  Duvessa (D:5)
  A hell hound (Gauntlet)
  19 orc warriors
  2 sky beasts
  4 black bears
  An ice beast (D:6)
  17 wolves
  An ogre (D:5)
  7 centaurs
  2 kobold brigands
  14 bullfrogs
  A gnoll sergeant (D:11)
  A scorpion (D:9)
  3 cane toad simulacra (IceCv)
  2 two-headed ogre simulacra (IceCv)
  Dowan (D:5)
  6 killer bees
  6 elephant simulacra (IceCv)
  4 wights (D:9)
  6 howler monkeys
  4 electric eels
  A lava snake (D:13)
  3 centaur zombies
  2 hounds
  A jelly (D:8)
  14 orc priests
  5 iguanas
  Jessica (D:3)
  2 centaur skeletons
  Ijyb (D:3)
  A gnoll shaman (D:7)
  6 hell rats (Lair:6)
  Natasha (thrice) (D:3)
  12 orc wizards
  Terence (D:2)
  A troll simulacrum (IceCv)
  6 yak simulacra (Lair:6)
  2 polar bear simulacra
  6 wolf simulacra
  A howler monkey zombie (D:9)
  12 gnolls
  2 naga simulacra (IceCv)
  8 adders
  A shadow imp (D:7)
  A white imp (D:6)
  An ufetubus (IceCv)
  3 worms
  54 orcs
  5 ball pythons
  7 endoplasms
  4 giant cockroaches
  17 goblins
  12 hobgoblins
  4 jackals (D:1)
  6 quokkas
  4 bats
  3 frilled lizards
  19 kobolds
  5 rats
  2 river rat simulacra (Lair:6)
661 creatures vanquished.

Vanquished Creatures (collateral kills)
  A boulder beetle (D:13)
  2 hydras
  An entropy weaver simulacrum (IceCv)
  2 ice devils (IceCv)
  A yak (D:9)
  A death yak simulacrum (IceCv)
  An ogre (Orc:2)
  An orc priest (Orc:2)
  An orc (Orc:2)
11 creatures vanquished.

Vanquished Creatures (others)
  An orc priest (Orc:2)
  A demonic plant (Gauntlet)
  11 fungi
  30 plants
43 creatures vanquished.

Grand Total: 715 creatures vanquished

Notes
Turn   | Place    | Note
-------+----------+-------------------------------------------
     0 | D:1      | Borgoz the Minotaur Berserker began the quest for the Orb.
     0 | D:1      | Reached XP level 1. HP: 19/19 MP: 0/0
   329 | D:1      | Reached XP level 2. HP: 18/27 MP: 1/1
   765 | D:1      | Found a faded altar of an unknown god.
  1292 | D:2      | Reached ** piety under Trog
  1293 | D:2      | Reached XP level 3. HP: 33/33 MP: 2/2
  1760 | D:2      | Noticed Terence
  1767 | D:2      | Killed Terence
  1968 | D:2      | Reached XP level 4. HP: 41/41 MP: 3/3
  2223 | D:3      | Noticed Natasha
  2232 | D:3      | Killed Natasha
  2237 | D:3      | Reached XP level 5. HP: 47/47 MP: 4/4
  2334 | D:3      | Noticed Ijyb
  2339 | D:3      | Paralysed by Ijyb for 6 turns
  2349 | D:3      | Killed Ijyb
  2461 | D:3      | Noticed Jessica
  2473 | D:3      | Killed Jessica
  2590 | D:3      | Noticed Natasha
  2599 | D:3      | Killed Natasha
  2600 | D:3      | Reached skill level 5 in Fighting
  2600 | D:3      | Reached skill level 5 in Long Blades
  2824 | D:3      | Noticed Natasha
  2832 | D:3      | Killed Natasha
  3180 | D:3      | Reached XP level 6. HP: 48/56 MP: 5/5
  3736 | D:4      | Reached *** piety under Trog
  4272 | D:4      | Identified the +0 leather armour of Urphuaze {-Tele rC+
                  | MP+9 Str+3}
  4390 | D:5      | Entered Level 5 of the Dungeon
  4410 | D:5      | Reached skill level 1 in Shields
  4496 | D:5      | Noticed Duvessa
  4496 | D:5      | Noticed Dowan
  4507 | D:5      | Killed Duvessa
  4508 | D:5      | Reached skill level 5 in Armour
  4508 | D:5      | Reached XP level 7. HP: 62/62 MP: 6/6
  4514 | D:5      | Killed Dowan
  4796 | D:5      | Reached skill level 5 in Dodging
  4924 | D:5      | Reached XP level 8. HP: 60/71 MP: 7/7
  5185 | D:5      | Noticed a troll
  5186 | D:5      | Identified the +7 whip "Zoloom" {vamp, Dex-5 SInv Stlth+}
  5200 | D:5      | Killed a troll
  5581 | D:6      | Noticed Maggie
  5601 | D:6      | Killed Maggie
  5783 | D:6      | Found a staircase to the Ecumenical Temple.
  5801 | D:6      | Found Pajyen's Assorted Antiques.
  5810 | D:6      | Bought a blue potion for 24 gold pieces
  5810 | D:6      | Bought a black potion for 24 gold pieces
  5810 | D:6      | Bought an opal ring for 135 gold pieces
  5810 | D:6      | Bought a metallic sapphire potion for 24 gold pieces
  6272 | D:7      | Reached XP level 9. HP: 66/80 MP: 8/8
  6322 | D:7      | Reached **** piety under Trog
  6450 | D:7      | Found a flagged portal.
  6481 | Bailey   | Entered a bailey
  6581 | Bailey   | Found an iron altar of Okawaru.
  6581 | Bailey   | Noticed a kobold demonologist
  6581 | Bailey   | Noticed a kobold demonologist
  6584 | Bailey   | Noticed a sixfirhy
  6587 | Bailey   | Killed a kobold demonologist
  6590 | Bailey   | Killed a kobold demonologist
  7167 | Bailey   | Noticed an orc knight
  7180 | Bailey   | Killed an orc knight
  7181 | Bailey   | Reached skill level 5 in Shields
  7519 | Bailey   | Reached XP level 10. HP: 60/91 MP: 9/9
  7648 | Bailey   | Acquired the ring "Xeilu" {rElec rPois rF+ rCorr Dex-5}
  7718 | Bailey   | Identified the +9 broad axe "Ixosi" {vorpal, Drain rPois
                  | Will+++ Int+4}
  7749 | Bailey   | Identified the +0 robe "Wiyroel" {Dex+3}
  8442 | D:7      | You fall into a shaft and drop 3 floors!
  8442 | D:10     | Entered Level 10 of the Dungeon
  8523 | D:10     | Reached ***** piety under Trog
  8665 | D:10     | Acquired a +0 pair of gloves of dexterity
  9093 | D:8      | Noticed a green ugly thing
  9101 | D:8      | Killed a green ugly thing
  9282 | D:8      | Noticed Harold
  9290 | D:8      | Killed Harold
  9291 | D:8      | Reached skill level 10 in Fighting
  9291 | D:8      | Reached skill level 10 in Long Blades
  9570 | D:7      | Found a stormy altar of Qazlal.
  9570 | D:7      | Found a shimmering blue altar of Sif Muna.
  9859 | D:7      | Found Jaolyrav's Magic Scroll Boutique.
 10044 | D:9      | Noticed a death knight
 10056 | D:9      | Killed a death knight
 10597 | D:9      | Reached skill level 10 in Armour
 10597 | D:9      | Reached XP level 11. HP: 101/101 MP: 10/10
 10651 | D:9      | Found a staircase to the Lair.
 10674 | D:9      | Received a gift from Trog
 11515 | D:10     | Found an ancient bone altar of Kikubaaqudgha.
 11751 | D:10     | Noticed a two-headed ogre
 11758 | D:10     | Killed a two-headed ogre
 11759 | D:10     | Reached skill level 10 in Dodging
 11891 | D:10     | Found a shimmering altar of Xom.
 11892 | D:10     | Found a sacrificial altar of Ru.
 11893 | D:10     | Found an opulent altar of Gozag.
 11906 | D:10     | Found an ornate altar of the Wu Jian Council.
 11906 | D:10     | Found a white marble altar of Elyvilon.
 11907 | D:10     | Found a basalt altar of Yredelemnul.
 12478 | D:11     | Noticed a boulder beetle
 12488 | D:11     | Killed a boulder beetle
 12710 | D:11     | Reached XP level 12. HP: 110/110 MP: 3/11
 13485 | D:11     | Noticed a two-headed ogre
 13492 | D:11     | Killed a two-headed ogre
 14412 | D:12     | Found a portal to a secret trove of treasure.
 15298 | D:12     | You fall into a shaft and drop 1 floor!
 15793 | D:13     | Noticed a centaur warrior
 15799 | D:13     | Killed a centaur warrior
 15927 | D:13     | Noticed a five-headed hydra
 15938 | D:13     | Killed a five-headed hydra
 16244 | D:13     | Noticed a boulder beetle
 16279 | D:13     | Killed a boulder beetle
 16967 | D:12     | Found a staircase to the Orcish Mines.
 17044 | D:12     | Noticed a boulder beetle
 17058 | D:12     | Killed a boulder beetle
 17059 | D:12     | Reached XP level 13. HP: 81/119 MP: 4/12
 17448 | D:7      | Bought a scroll of acquirement for 676 gold pieces
 17448 | D:7      | Acquired a +3 double sword of electrocution
 17523 | Lair:1   | Entered Level 1 of the Lair of Beasts
 17817 | Lair:1   | Found a gate leading to a gauntlet.
 17860 | Gauntlet | Entered a Gauntlet
 17860 | Gauntlet | Found a transporter.
 17860 | Gauntlet | Found a runed translucent door.
 17860 | Gauntlet | Found a transporter.
 17893 | Gauntlet | Found a transporter.
 17897 | Gauntlet | Found a transporter.
 17906 | Gauntlet | Found a transporter.
 17909 | Gauntlet | Found a transporter.
 17921 | Gauntlet | Found a transporter.
 17926 | Gauntlet | Found a runed translucent door.
 17933 | Gauntlet | Found a transporter.
 17947 | Gauntlet | Found a transporter.
 17951 | Gauntlet | Found a transporter.
 17953 | Gauntlet | Found a runed translucent gate.
 17953 | Gauntlet | Found a runed translucent gate.
 17953 | Gauntlet | Found a runed translucent gate.
 17959 | Gauntlet | Found a transporter.
 17963 | Gauntlet | Found a transporter.
 17967 | Gauntlet | Found a runed translucent door.
 18022 | Gauntlet | Reached skill level 1 in Evocations
 18159 | Gauntlet | Identified the +1 cloak "Zixypn" {rF+ Int+2}
 18202 | Gauntlet | Noticed a minotaur
 18212 | Gauntlet | Killed a minotaur
 18338 | Gauntlet | Identified the +0 pair of gloves of the Camelopard {rPois
                  | Regen+ Int+4 Dex-2}
 18911 | Lair:2   | Found a staircase to the Snake Pit.
 18934 | Lair:2   | Received a gift from Trog
 19646 | Lair:2   | Found the +8 whip "Snakebite" {venom, curare, rPois}
 20358 | Lair:3   | Reached XP level 14. HP: 122/132 MP: 13/13
 21083 | Lair:4   | Found a staircase to the Swamp.
 21746 | Lair:5   | Received a gift from Trog
 22452 | Lair:5   | Found a viscous altar of Jiyva.
 22452 | Lair:5   | Found a staircase to the Slime Pits.
 22495 | Lair:6   | Entered Level 6 of the Lair of Beasts
 22723 | Lair:6   | Found a frozen archway.
 22749 | IceCv    | Entered an ice cave
 22888 | IceCv    | Reached skill level 15 in Fighting
 23107 | IceCv    | Found an ancient bone altar of Kikubaaqudgha.
 23130 | IceCv    | Reached skill level 15 in Long Blades
 23152 | IceCv    | Reached XP level 15. HP: 85/141 MP: 14/14
 23402 | IceCv    | Received a gift from Trog
 23435 | IceCv    | Identified the ring "Cired" {rN+ Str+2}
 23660 | Lair:6   | Reached skill level 15 in Armour
 23855 | Lair:6   | Reached skill level 5 in Evocations
 24793 | Orc:1    | Entered Level 1 of the Orcish Mines
 24795 | Orc:1    | You fall into a shaft and drop 1 floor!
 24795 | Orc:2    | Entered Level 2 of the Orcish Mines
 24795 | Orc:2    | Found Esiac's Book Emporium.
 24857 | Orc:2    | Mangled by an ettin

Illustrated notes

Levels and vault maps discovered:
D:1:      ebering_trefoil_3fold, layout_basic, ebering_ecumenical_altar_webs
D:2:      layout_basic, serial_curves, eino_curves_02, eino_curves_01,
          uniq_terence
D:3:      layout_loops_ring, amcnicky_mini_rare_corridor_liquid,
          minmay_door_square, hangedman_decor_slide_cut,
          kennysheep_small_spiral, uniq_natasha, uniq_ijyb, uniq_jessica
D:4:      layout_loops_ring, grunt_decor_clamped, chequers_serial_rivers_marsh
D:5:      layout_loops_ring, uniq_duvessa
D:6:      layout_rooms, minmay_temple_entry_trees, serial_shops,
          nicolae_stop_n_shop_2, minmay_misc_feat_ornament, uniq_maggie
D:7:      layout_basic, gammafunk_temple_overflow_wave, enter_bailey_2,
          serial_shops, shop, serial_co_window_serial, co_window_corner_a,
          co_window_corner_a, co_window_corner_a, co_window_paths_b,
          co_window_paths_b, co_window_corner_a, co_window_paths_a,
          co_window_cross_4, co_window_broadway_b, co_window_2corner,
          glass_columns_a, glass_columns_a, glass_columns_b, glass_columns_b
D:8:      cheibrodos_helix_gallery, layout_rooms, uniq_harold
D:9:      layout_gridville, minmay_lair_entry_grove
D:10:     layout_roguey, grunt_temple_overflow_open,
          mainiacjoe_overflow_concentric_impassable
D:11:     layout_long_grid, kennysheep_small_circle
D:12:     layout_cave_pods, orc_0_dummy, nicolae_trove_entry_path_of_doom
D:13:     layout_basic
Lair:1:   layout_regular_city, gauntlet_entry_generic, serial_bayou_shore_a
Lair:2:   minmay_guarded_unrand_snakebite, layout_regular_city,
          dummy_snake_entry
Lair:3:   layout_gridlike, lemuel_fruit_fields
Lair:4:   layout_long_grid, minmay_swamp_entry_worms, st_stairs_5,
          hangedman_lair_generics_rect
Lair:5:   layout_regular_city, slime_altar_1
Lair:6:   evilmike_catoblepas_cave, layout_loops_ring,
          portal_ice_cave_entry_animals_and_master, eino_house_with_fridge
Orc:1:    layout_caves, nicolae_orc_sculptors_studio
Orc:2:    grunt_orc_gardens, layout_caves, grunt_orc_garden, grunt_orc_garden,
          grunt_orc_garden, grunt_orc_garden, ebering_ghost_gozag

Skill      XL: |  1  2  3  4  5  6  7  8  9 10 11 12 13 14 15 |
---------------+----------------------------------------------+-----
Fighting       | 4 5 6 7 9 10 11 12 14 15 | 15.5
Long Blades    | 4 5 6 7 9 10 11 12 13 15 | 15.4
Armour         | 3 4 5 7 8 10 11 12 13 14 15 | 15.3
Dodging        | 3 4 5 6 7 9 10 11 12 13 14 | 14.2
Shields        | 1 2 3 5 6 7 8 |  8.6
Evocations     | 3 4 5 |  5.0

Action                   |  1- 3 |  4- 6 |  7- 9 | 10-12 | 13-15 || total
-------------------------+-------+-------+-------+-------+-------++-------
Melee: Falchion          |    81 |   147 |   210 |   227 |       ||   665
       Headbutt          |    10 |    27 |    56 |   191 |   201 ||   485
       Long sword        |       |       |       |   409 |    12 ||   421
       Double sword      |       |       |       |       |   790 ||   790
       Scimitar          |       |       |       |       |    12 ||    12
Invok: Berserk           |     1 |     4 |     6 |    22 |    15 ||    48
       Brothers in Arms  |       |       |       |     4 |     5 ||     9
       Trog's Hand       |       |       |       |     2 |     8 ||    10
Evoke: Wand              |       |       |     7 |       |       ||     7
  Use: Scroll            |       |       |     8 |    10 |    10 ||    28
       Potion            |       |       |       |       |     4 ||     4
 Stab: Invisible         |       |       |       |       |     4 ||     4
       Distracted        |       |       |       |       |     1 ||     1
       Petrified         |       |       |       |       |     1 ||     1
Armor: Animal skin       |    15 |       |       |       |       ||    15
       Ring mail         |    16 |       |       |       |       ||    16
       Chain mail        |     5 |    76 |    88 |   250 |   371 ||   790
       Scale mail        |       |       |       |       |     9 ||     9
Dodge: Dodged            |    49 |    72 |    86 |   316 |   451 ||   974
Block: Buckler           |       |    12 |    42 |   160 |   225 ||   439
       Rpst.: Falchion   |    11 |    21 |    17 |    22 |       ||    71
       Long sword        |       |       |       |    55 |     1 ||    56
       Double sword      |       |       |       |       |   109 ||   109
       Scimitar          |       |       |       |       |     3 ||     3
